 Dungeon Crawl Stone Soup version 0.28-a0-1130-gc51a68064b (webtiles) character file.

Game seed: 13582256583236171544

25 ytrimaz the Insei (level 3, 0/23 HPs)
             Began as an Octopode Transmuter on Dec 13, 2021.
             Slain by a black bear (2 damage)
             ... on level 2 of the Dungeon.
             The game lasted 00:01:17 (1769 turns).

ytrimaz the Insei (Octopode Transmuter)             Turns: 1769, Time: 00:01:18

Health: 0/23       AC:  1    Str:  9    XL:     3   Next: 6%
Magic:  4/6        EV: 13    Int: 17    God:
Gold:   50         SH:  0    Dex: 12    Spells: 0/6 levels left

rFire   . . .      SeeInvis .     - Unarmed
rCold   . . .      Faith    .   (no shield)
rNeg    . . .      Spirit   .   (helmet restricted)
rPois   .          Reflect  .   (no amulet)
rElec   .          Harm     .   (no ring)
rCorr   .          Rampage  .   (no ring)
Will    .....                   (no ring)
Stlth   ++........              (no ring)
HPRegen 0.07/turn               (no ring)
MPRegen 0.10/turn               (no ring)
                                (no ring)
                                (no ring)

@: no status effects
A: almost no armour, amphibious, 8 rings, camouflage 1, gelatinous body 1,
(nimble swimmer 1), tentacles
a: no special abilities


You were on level 2 of the Dungeon.
You visited 1 branch of the dungeon, and saw 2 of its levels.

You collected 50 gold pieces.

Inventory:

Potions
 a - a potion of curing
 b - a potion of might {unknown}
 c - a potion of degeneration {unknown}
 e - a potion of cancellation {unknown}
 f - a potion of brilliance {unknown}


   Skills:
 * Level 1.4 Fighting
 - Level 2.0 Dodging
 + Level 3.4 Unarmed Combat
 * Level 2.4 Spellcasting
 * Level 2.2 Transmutations


You couldn't memorise any spells.
You knew the following spells:

 Your Spells              Type           Power      Damage    Failure   Level
a - Beastly Appendage     Tmut           18%        N/A       8%          1
b - Wereblood             Tmut           9%         N/A       11%         2
c - Spider Form           Tmut/Pois      5%         N/A       34%         3

Your spell library contained the following spells:

 Spells                   Type           Power      Damage    Failure   Level
 Ice Form                 Ice/Tmut       5%         N/A       75%         4


Dungeon Overview and Level Annotations

Branches:
Dungeon (2/15)

Altars:


Innate Abilities, Weirdness & Mutations

You cannot wear most types of armour.
You are amphibious.
You can wear up to eight rings at the same time.
Your skin changes colour to match your surroundings (Stealth+).
Your rubbery body absorbs attacks. (AC +1, EV +1)
((You are camouflaged near water. (Stealth+)))
You have tentacles for arms and can constrict up to eight enemies at once.


Message History

You turn into a venomous arachnid creature.
Unknown command.
Your transformation is almost over.
The black bear bites you but does no damage.
The black bear misses you. The black bear claws you.
You hit the black bear.
The black bear is poisoned.
The black bear is lightly wounded.
The black bear bites you! The black bear misses you.
The black bear completely misses you.
You hit the black bear.
The black bear looks as sick as possible!
The black bear is lightly wounded.
The black bear bites you. The black bear claws you. The black bear misses you.
You hit the black bear.
The black bear looks as sick as possible!
The black bear is moderately wounded.
The black bear closely misses you. The black bear claws you.
The black bear claws you but does no damage.
You hit the black bear.
The black bear looks as sick as possible!
The black bear is severely wounded.
The black bear completely misses you. The black bear claws you.
* * * LOW HITPOINT WARNING * * *
The black bear claws you.
* * * LOW HITPOINT WARNING * * *
Okay, then.
The black bear goes berserk!
It was a potion of curing.
You feel better.
Unknown command.
The black bear bites you!
* * * LOW HITPOINT WARNING * * *
The black bear closely misses you. x2
Unknown command.
You feel better.
Your transformation has ended.
The black bear bites you!
* * * LOW HITPOINT WARNING * * *
The black bear misses you. The black bear closely misses you.
The black bear bites you.
You die...

#.........#.....#.
#<................
#.................
#.................
#.........>.......
#.................
######.................
.......................
..######.h@..........#.
#J######..####.. #.#
#.....# .# #.###...###
#.#....## #..)#.##
#..#..# #....##
#.....##


You could see a black bear (berserk, extremely poisoned) and an endoplasm.

Vanquished Creatures
  2 dart slugs
  A ball python (D:1)
  4 bats (D:1)
  3 endoplasms (D:1)
  2 goblins (D:1)
  2 hobgoblins (D:1)
  3 kobolds
  2 frilled lizards (D:1)
19 creatures vanquished.

Notes
Turn   | Place    | Note
-------+----------+-------------------------------------------
     0 | D:1      | ytrimaz the Octopode Transmuter began the quest for the
                  | Orb.
     0 | D:1      | Reached XP level 1. HP: 13/13 MP: 3/3
    43 | D:1      | Found a faded altar of an unknown god.
   234 | D:1      | Reached XP level 2. HP: 11/18 MP: 5/5
  1417 | D:2      | Noticed a black bear
  1434 | D:2      | Learned a level 2 spell: Wereblood
  1442 | D:2      | Reached XP level 3. HP: 8/23 MP: 6/6
  1446 | D:2      | Learned a level 3 spell: Spider Form
  1764 | D:2      | HP: 1/23 [black bear (4)]
  1769 | D:2      | Slain by a black bear

Illustrated notes

Levels and vault maps discovered:
D:1:      nagdon_arrival_zigzag_paths, layout_basic, basic_ecumenical_altar,
          minmay_split_cup_small
D:2:      minmay_general_purpose_star, layout_rooms

Action                   || total
-------------------------++-------
Melee: Unarmed           ||    50
       Kick              ||     6
       Constrict         ||    10
       Tentacles         ||     5
 Cast: Beastly Appendage ||     4
       Spider Form       ||     1
  Use: Scroll            ||     2
       Potion            ||     2
 Stab: Sleeping          ||     2
Armor: Skin              ||    11
Dodge: Dodged            ||    40

Table legend: (Time is in decaauts)
 A = Elapsed time spent in this place.
 B = Non-inter-level travel time spent in this place.
 C = Inter-level travel time spent in this place.
 D = Time resting spent in this place.
 E = Time spent auto-exploring this place.
 F = Levels seen in this place.
 G = Mean time per level.
                   A        B        C        D        E       F      G
               +--------+--------+--------+--------+--------+-----+--------+
         Total |   1765 |   1754 |     11 |    400 |   1144 |   2 |  882.5 |
       Dungeon |   1765 |   1754 |     11 |    400 |   1144 |   2 |  882.5 |
               +--------+--------+--------+--------+--------+-----+--------+

Top non-repeatable levels by time:
     D:1: 1387 daAuts
     D:2: 378 daAuts
